Map: Nightscape LE

Players

IIIIIIIIIIII

  • Race: Protoss Protoss
  • League: Platinum
  • Spawn Location: 1:00

sova

  • Race: Zerg Zerg
  • League: Gold
  • Spawn Location: 1:00

Massa - Winner!

  • Race: Terran Terran
  • League: Platinum
  • Spawn Location: 7:00

qqq - Winner!

  • Race: Zerg Zerg
  • Spawn Location: 7:00

VOD

Have the link to the VOD?

Description

Time

  • Played on: Oct. 19, 2020, 12:09 p.m.
  • Length: 22:13
Show
View Real Time Build Order
Export as new Build Order

IIIIIIIIIIII Protoss 

Build Orders: Carriers 

Get SALT Encoding   

  12  0:10  Pylon  
  12  0:13  Probe (Chrono Boost)  
  13  0:23  Probe (Chrono Boost)  
  13  0:28  Probe (Chrono Boost)  
  15  0:36  Forge  
  15  0:40  Probe  
  16  0:57  Pylon  
  16  1:17  Photon Cannon  
  16  1:21  Pylon  
  16  1:24  Photon Cannon  
  14  1:49  Probe (Chrono Boost)  
  15  1:59  Probe (Chrono Boost), Gateway  
  16  2:04  Probe (Chrono Boost), Assimilator  
  17  2:08  Assimilator  
  18  2:15  Probe (Chrono Boost)  
  18  2:22  Probe (Chrono Boost)  
  19  2:27  Pylon  
  19  2:28  Photon Cannon  
  19  2:29  Probe  
  19  2:34  Photon Cannon  
  20  2:42  Probe  
  20  2:43  Pylon  
  21  2:53  Pylon  
  21  3:10  Pylon  
  21  3:14  Photon Cannon  
  21  3:17  Photon Cannon  
  21  3:28  Pylon  
  21  3:42  Photon Cannon  
  21  3:44  Photon Cannon  
  21  3:49  Probe  
  22  4:01  Probe (Chrono Boost)  
  23  4:13  Probe (Chrono Boost)  
  24  4:18  Probe (Chrono Boost), Cybernetics Core  
  24  4:20  Photon Cannon, Pylon  
  25  4:25  Pylon  
  25  4:27  Probe  
  26  4:34  Pylon  
  25  5:09  Stargate  
  25  5:11  Stargate  
  25  5:20  Nexus  
  25  5:30  Assimilator  
  25  5:35  Assimilator  
  25  5:40  Pylon x2  
  25  5:44  Pylon  
  25  5:49  Void Ray  
  21  6:17  Probe  
  22  6:29  Probe  
  23  6:35  Void Ray  
  26  6:41  Probe  
  28  6:47  Probe  
  28  6:53  Probe  
  30  7:02  Probe, Void Ray  
  35  7:29  Probe (Chrono Boost)  
  37  7:30  Probe (Chrono Boost)  
  37  7:40  Probe x2 (Chrono Boost)  
  39  7:44  Probe (Chrono Boost)  
  39  7:45  Probe (Chrono Boost)  
  41  7:51  Pylon  
  41  7:52  Void Ray  
  45  8:12  Shield Battery x2  
  45  8:14  Shield Battery  
  45  8:17  Pylon  
  45  8:18  Void Ray  
  41  9:18  Photon Cannon  
  41  9:19  Photon Cannon x2  
  41  9:20  Photon Cannon  
  41  9:24  Probe x2  
  43  9:36  Probe x2  
  45  9:48  Probe x2  
  45  9:52  Void Ray  
  38  10:06  Shield Battery  
  38  10:07  Shield Battery  
  38  10:12  Pylon  
  38  10:18  Void Ray  
  42  10:28  Probe  
  42  10:31  Probe  
  44  10:41  Probe  
  45  10:43  Probe  
  46  10:53  Probe  
  46  10:55  Probe, Void Ray  
  52  11:05  Probe  
  53  11:12  Probe  
  53  11:17  Probe, Void Ray  
  55  11:24  Probe  
  60  11:29  Probe  
  61  11:39  Void Ray  
  65  11:59  Nexus  
  65  12:02  Assimilator  
  65  12:06  Assimilator  
  65  12:07  Probe x2  
  67  12:08  Pylon  
  67  12:19  Probe  
  67  12:20  Probe  
  69  12:24  Pylon  
  69  12:28  Pylon  
  69  12:31  Probe  
  69  12:32  Probe  
  71  12:43  Probe  
  71  12:44  Probe, Pylon  
  73  12:55  Probe, Protoss Shields Level 1  
  73  12:56  Probe  
  75  13:04  Protoss Air Armor Level 1  
  75  13:08  Probe x2, Void Ray  
  75  13:09  Void Ray  
  85  13:20  Probe, Twilight Council  
  86  13:31  Fleet Beacon  
  86  13:34  Stargate  
  86  13:36  Stargate  
  86  13:44  Pylon  
  86  13:45  Void Ray  
  86  13:48  Pylon  
  90  14:03  Void Ray  
  94  14:22  Void Ray  
  94  14:37  Flux Vanes  
  90  14:40  Carrier, Void Ray  
  90  14:41  Carrier  
  106  14:53  Robotics Facility  
  106  14:59  Void Ray  
  110  15:13  Protoss Air Weapons Level 1  
  110  15:17  Void Ray  
  102  15:36  Void Ray  
  106  15:45  Carrier  
  106  15:46  Observer  
  109  16:07  Observer  
  106  16:26  Carrier x3  
  106  16:29  Observer  
  125  16:49  Carrier  
  125  16:50  Observer  
  132  16:56  Mothership  
  140  17:11  Observer  
  140  17:14  Unknown  
  141  17:34  Nexus, Assimilator  
  141  17:35  Shield Battery x2  
  141  17:37  Pylon, Shield Battery  
  141  17:38  Shield Battery, Assimilator  
  141  17:39  Pylon x2  
  141  17:40  Pylon  
  141  17:45  Pylon x3  
  141  17:46  Pylon  
  141  17:47  Pylon  
  141  17:50  Protoss Shields Level 2, Pylon  
  141  17:51  Pylon  
  141  17:55  Carrier  
  141  17:56  Pylon  
  141  17:57  Carrier  
  153  17:58  Pylon  
  153  18:00  Observer  
  153  18:04  Protoss Air Armor Level 2  
  154  18:21  Observer  
  155  18:33  Carrier  
  161  18:35  Shield Battery  
  161  18:37  Shield Battery  
  161  18:39  Shield Battery  
  161  18:43  Observer  
  161  18:44  Photon Cannon  
  161  18:47  Photon Cannon  
  162  18:53  Shield Battery  
  162  18:55  Photon Cannon  
  162  18:56  Photon Cannon  
  162  19:04  Observer  
  163  19:25  Observer  
Show
View Real Time Build Order
Export as new Build Order

sova Zerg 

Build Orders: Hatch First 

Get SALT Encoding   

  12  0:02  Drone  
  13  0:10  Drone  
  14  0:17  Overlord  
  14  0:24  Extractor  
  14  0:26  Drone  
  15  0:36  Drone x2  
  17  1:00  Hatchery  
  16  1:04  Drone  
  16  1:05  Drone  
  16  1:10  Extractor  
  17  1:19  Spawning Pool  
  16  1:26  Drone x2  
  18  1:33  Drone  
  19  1:55  Drone x2  
  21  2:07  Drone  
  22  2:08  Hatchery  
  21  2:15  Zergling x2  
  21  2:16  Zergling x2  
  23  2:31  Metabolic Boost  
  23  2:32  Drone x3  
  26  2:45  Zergling x4  
  26  2:49  Overlord  
  28  3:09  Zergling x6  
  28  3:10  Zergling x2  
  32  3:21  Zergling x6  
  35  3:36  Zergling x4  
  35  3:37  Zergling x2  
  35  3:43  Zergling x6  
  35  3:47  Zergling x2  
  37  4:05  Zergling x6  
  37  4:06  Zergling x4  
  39  4:21  Zergling x2  
  39  4:22  Zergling x4  
  40  4:36  Zergling x2  
  40  4:37  Zergling x10  
  37  4:50  Zergling x6  
  23  5:04  Zergling x2  
  23  5:05  Zergling x8  
  28  5:13  Drone  
  28  5:14  Drone  
  28  5:37  Drone x4  
  28  5:38  Drone x3  
  34  5:46  Zergling x4  
  33  6:09  Zergling x2  
  33  6:10  Zergling x8  
  37  6:13  Drone  
  38  6:29  Drone x3  
  41  6:41  Overlord  
  40  7:17  Drone x3  
  40  7:18  Drone x6  
  38  7:44  Roach Warren  
  38  7:49  Overlord  
  38  7:50  Overlord x3  
  37  8:10  Drone, Lair  
  37  8:11  Drone x5  
  43  8:17  Pneumatized Carapace  
  28  9:04  Roach  
  28  9:05  Roach x6  
  42  9:11  Extractor x2  
  42  9:14  Drone x2, Extractor  
  41  9:21  Queen  
  43  9:43  Drone x8  
  43  9:44  Drone  
  52  9:58  Roach x3  
  58  10:13  Queen, Spore Crawler  
  59  10:16  Roach x4  
  59  10:21  Drone x2  
  69  10:36  Roach  
  69  10:37  Roach  
  73  11:05  Overlord x5  
  73  11:15  Hatchery  
  72  11:19  Spore Crawler  
  71  11:26  Spine Crawler  
  71  11:28  Roach x9  
  88  11:56  Drone x2  
  88  11:58  Evolution Chamber  
  88  12:00  Evolution Chamber, Glial Reconstitution  
  88  12:29  Zerg Missile Weapons Level 1  
  88  12:30  Zerg Ground Armor Level 1  
  88  12:34  Roach  
  88  12:35  Roach x11  
  112  12:53  Hydralisk Den  
  111  13:16  Overlord  
  111  13:17  Overlord x12  
  111  13:39  Roach x5  
  111  13:40  Roach x2  
  125  14:06  Overseer x2  
  125  14:07  Roach  
  125  14:08  Roach x6  
  137  14:40  Hydralisk  
  137  14:41  Hydralisk x7  
  151  14:54  Hydralisk  
  151  14:55  Hydralisk x2  
  157  15:01  Grooved Spines  
  157  15:11  Roach x3  
  93  15:38  Roach x7  
  50  15:57  Zergling x16  
  30  16:12  Overseer x3, Muscular Augments  
  30  16:13  Zergling x2  
  30  16:14  Zergling x4  
  21  16:59  Hatchery  
  21  17:00  Drone x7  
  21  17:01  Drone x2  
  29  17:51  Drone  
  29  17:52  Drone x8  
  38  18:20  Drone  
  38  18:24  Roach  
  38  18:25  Roach x7  
  55  18:37  Extractor  
  54  19:05  Hatchery  
  53  19:26  Hydralisk x6  
  65  20:02  Roach x2  
  65  20:03  Roach x14  
  97  20:20  Roach x3  
  97  20:21  Roach x2  
  107  20:42  Roach  
  109  20:43  Roach x9  
  107  21:11  Roach  
  107  21:12  Roach x14  
  137  21:31  Roach x5  
  110  21:42  Spore Crawler  
  110  21:43  Spore Crawler  
  110  21:44  Spore Crawler  
  110  21:45  Spore Crawler  
  65  21:48  Spore Crawler  
  40  22:05  Spore Crawler  
Show
View Real Time Build Order
Export as new Build Order

Massa Terran - Winner!

Build Orders: 2 Factory 

Get SALT Encoding   

  12  0:00  SCV  
  13  0:12  SCV  
  14  0:24  SCV  
  14  0:26  Supply Depot  
  15  0:35  Refinery  
  15  0:47  SCV  
  15  0:49  Barracks  
  16  0:59  Refinery  
  16  1:00  SCV  
  17  1:12  SCV  
  18  1:25  SCV  
  19  1:47  Factory  
  19  1:48  Orbital Command  
  19  1:57  Supply Depot  
  19  1:59  Supply Depot  
  19  2:02  Reaper  
  20  2:15  Supply Depot  
  20  2:18  SCV  
  21  2:27  Supply Depot  
  21  2:31  SCV  
  22  2:49  Reaper  
  23  3:06  Hellion  
  23  3:12  Factory  
  25  3:13  SCV  
  26  3:21  Reaper  
  27  3:28  Hellion  
  29  3:49  Hellion  
  29  3:50  SCV  
  29  3:53  Reaper  
  33  3:55  Factory Tech Lab  
  33  4:02  SCV  
  34  4:10  Hellion  
  36  4:32  Hellion  
  34  4:57  Hellion  
  32  5:01  Siege Tank  
  36  5:09  Command Center  
  36  5:18  Hellion  
  36  5:29  Barracks  
  36  5:35  Marine  
  37  5:40  Hellion  
  39  5:52  Marine  
  38  6:10  Marine  
  33  6:26  Marine  
  33  6:28  Marine  
  35  6:34  SCV  
  35  6:38  Supply Depot  
  36  6:40  Command Center  
  36  6:44  Marine  
  36  6:45  Starport  
  36  6:46  SCV, Marine  
  39  6:49  Widow Mine  
  42  7:01  Marine  
  42  7:04  Marine  
  42  7:05  Engineering Bay  
  40  7:19  Marine  
  39  7:31  Barracks Tech Lab  
  39  7:40  Cyclone  
  39  7:43  Barracks Reactor  
  42  7:45  Terran Infantry Weapons Level 1  
  42  7:47  Missile Turret  
  42  7:50  Missile Turret  
  42  7:51  Missile Turret, Stimpack  
  42  7:53  SCV  
  43  7:59  Orbital Command  
  43  8:05  SCV, Marine  
  44  8:11  Missile Turret  
  44  8:12  Cyclone, Missile Turret  
  48  8:17  Planetary Fortress  
  48  8:22  Orbital Command  
  48  8:23  Marine  
  49  8:30  Marine x2, Command Center  
  49  8:32  Missile Turret  
  51  8:41  Marine  
  51  8:45  Barracks  
  45  8:48  Marine x2  
  45  8:50  Barracks  
  47  8:59  Marine  
  48  9:06  Marine x2  
  50  9:16  Marine  
  51  9:23  SCV  
  52  9:24  Marine x2  
  54  9:31  SCV  
  54  9:34  Marine  
  54  9:35  SCV  
  57  9:42  Marine x2  
  57  9:44  SCV  
  56  9:47  SCV  
  51  9:53  Marauder  
  51  9:59  SCV, Marine  
  51  10:00  Marine  
  51  10:01  Siege Tank  
  56  10:09  Planetary Fortress  
  56  10:11  SCV  
  59  10:14  Marauder, Missile Turret  
  59  10:17  Marine x2  
  61  10:21  Missile Turret  
  61  10:23  SCV  
  61  10:28  SCV  
  63  10:33  Siege Tank  
  63  10:34  Missile Turret  
  63  10:35  SCV, Marauder, Marine x2  
  68  10:36  Missile Turret  
  68  10:40  SCV  
  72  10:47  SCV  
  73  10:52  SCV  
  73  10:55  Missile Turret  
  73  10:56  Missile Turret  
  72  10:57  Marauder  
  72  11:00  SCV  
  72  11:04  SCV, Starport Reactor  
  72  11:07  Siege Tank  
  72  11:10  Starport Tech Lab  
  76  11:15  Starport  
  76  11:16  SCV  
  76  11:17  Barracks Reactor  
  79  11:18  Marauder  
  79  11:23  Barracks Tech Lab  
  79  11:26  SCV  
  79  11:31  Refinery  
  79  11:32  Refinery  
  80  11:35  Missile Turret  
  80  11:38  SCV  
  81  11:41  Marauder, Marine  
  81  11:42  Marine  
  81  11:45  Combat Shield  
  85  11:48  Concussive Shells  
  85  11:50  SCV  
  85  11:53  Armory  
  86  11:57  Missile Turret  
  86  11:59  Marine  
  86  12:00  Marine  
  88  12:02  SCV, Supply Depot  
  88  12:03  Marauder  
  88  12:05  Banshee  
  88  12:07  Medivac  
  96  12:14  SCV  
  97  12:16  SCV  
  97  12:17  Marine  
  97  12:18  SCV, Missile Turret  
  100  12:23  Marine  
  100  12:24  Marauder  
  100  12:25  Supply Depot  
  100  12:27  SCV  
  100  12:28  SCV  
  105  12:30  SCV  
  105  12:31  SCV  
  105  12:35  Marine  
  105  12:36  Missile Turret, Supply Depot  
  108  12:46  SCV x3, Marine  
  108  12:47  Starport Reactor, Marauder  
  108  12:49  Terran Infantry Armor Level 1  
  114  12:56  Engineering Bay  
  114  12:58  Banshee  
  117  12:59  SCV x3  
  120  13:08  Marauder, Marine  
  120  13:09  Marine  
  124  13:23  Supply Depot  
  124  13:25  Supply Depot  
  124  13:28  Missile Turret  
  124  13:30  Refinery  
  124  13:31  Refinery  
  124  13:36  Supply Depot  
  124  13:39  Supply Depot  
  124  13:44  SCV, Marine x2  
  124  13:45  SCV, Marauder x2  
  124  13:46  SCV x2, Marine x2  
  136  13:50  Missile Turret  
  136  13:53  Terran Infantry Weapons Level 2  
  136  13:57  SCV x2  
  136  13:59  Supply Depot  
  136  14:00  Medivac  
  136  14:02  Marine, Supply Depot  
  141  14:04  Marine x2  
  141  14:06  Marauder x2  
  147  14:28  Marauder x2  
  151  14:47  Missile Turret  
  151  14:49  Marauder x2  
  151  14:50  Missile Turret  
  151  14:51  Missile Turret  
  155  15:08  Missile Turret  
  155  15:09  Command Center  
  109  15:38  Marauder, Marine x2  
  109  15:39  Marine x3  
  109  15:41  Thor  
  120  15:56  Marine x5  
  120  15:59  Marine  
  117  16:14  Marine x5  
  117  16:17  Marine  
  117  16:18  SCV  
  121  16:19  SCV x3  
  121  16:23  Terran Infantry Armor Level 2, Terran Infantry Weapons Level 3  
  121  16:24  Thor  
  123  16:30  SCV  
  123  16:31  SCV x3, Marine  
  123  16:32  Orbital Command, Marine x4  
  125  16:34  Marine  
  126  16:42  SCV  
  126  16:43  SCV x3  
  126  16:44  Viking x2, Missile Turret x4  
  136  16:48  Medivac  
  136  16:49  Marine  
  136  16:50  Marine x4  
  136  16:52  Marine  
  142  16:54  SCV  
  142  16:55  SCV  
  144  17:02  Missile Turret  
  144  17:03  Missile Turret  
  144  17:04  Missile Turret  
  144  17:05  Missile Turret  
  144  17:06  Thor, Missile Turret x2  
  144  17:07  Marine, Missile Turret  
  144  17:08  Marine x4  
  155  17:10  Refinery, Marine  
  155  17:11  Missile Turret x2  
  155  17:12  Refinery, Missile Turret x2  
  155  17:14  Viking x2  
  160  17:18  Factory, Medivac  
  160  17:21  Refinery  
  162  17:25  Refinery, Marine, Missile Turret  
  162  17:28  Factory, Marine  
  164  17:33  Factory  
  164  17:35  Missile Turret  
  164  17:38  Terran Vehicle And Ship Armor Level 1  
  164  17:41  Armory  
  164  17:44  Viking  
  164  17:48  Medivac  
  168  18:00  Thor  
  174  18:09  Viking  
  174  18:11  Marine x6  
  182  18:14  Viking  
  182  18:18  Medivac  
  186  18:26  Supply Depot  
  186  18:29  Marine, Supply Depot  
  186  18:30  Command Center, Supply Depot x3  
  186  18:31  Supply Depot  
  187  18:35  Supply Depot x2  
  187  18:37  Supply Depot  
  187  18:38  Factory Tech Lab, Supply Depot  
  187  18:39  Factory Tech Lab  
  187  18:40  Factory Tech Lab  
  187  18:43  Terran Infantry Armor Level 3  
  187  18:45  Terran Vehicle Weapons Level 1  
  187  18:47  Marine x6, Viking  
  195  18:50  Supply Depot  
  195  18:54  Supply Depot  
  195  18:55  Supply Depot  
  195  18:56  Supply Depot  
  195  18:57  Supply Depot  
  195  18:58  Supply Depot  
  195  19:02  Supply Depot x2  
  195  19:05  Marine x4  
  175  20:52  Thor x2  
  175  20:53  Thor x2  
  175  20:55  Marine  
  175  20:56  Marauder x2, Marine x3  
  178  21:13  Marine x2  
  178  21:14  Marine  
  178  21:17  Marauder x2  
  185  21:38  Marauder x2  
Show
View Real Time Build Order
Export as new Build Order

qqq Zerg - Winner!

Build Orders: Hatch First, Lurkers 

Get SALT Encoding   

  12  0:02  Drone  
  13  0:10  Drone  
  14  0:39  Hatchery  
  13  0:43  Drone  
  14  0:55  Spawning Pool  
  13  1:22  Drone, Overlord  
  13  1:55  Zergling x2  
  13  1:56  Zergling x4  
  17  2:01  Drone  
  17  2:07  Queen  
  19  2:10  Extractor  
  19  2:13  Drone  
  19  2:24  Spine Crawler  
  18  2:31  Drone x2  
  18  2:34  Zergling x2  
  21  2:39  Zergling x2  
  21  2:42  Zergling x2  
  23  3:15  Drone x2, Spine Crawler  
  23  3:16  Drone  
  23  3:18  Spine Crawler  
  24  3:32  Spine Crawler  
  19  3:43  Drone x2  
  19  3:44  Drone  
  19  3:45  Drone x2  
  24  3:50  Spine Crawler  
  24  3:53  Drone  
  24  3:54  Spine Crawler  
  20  4:15  Drone x2  
  20  4:41  Zergling x6  
  23  4:51  Spine Crawler  
  23  4:52  Spine Crawler  
  21  4:56  Drone  
  22  5:10  Overlord  
  22  5:12  Overlord x3  
  22  5:25  Baneling Nest  
  16  5:33  Zergling x8  
  20  5:42  Metabolic Boost  
  20  5:55  Spine Crawler  
  19  6:18  Drone  
  19  6:19  Drone x4  
  19  6:22  Baneling  
  19  6:25  Baneling  
  24  6:33  Baneling x3  
  24  6:40  Drone  
  25  6:54  Drone  
  25  6:55  Extractor, Drone x3  
  25  6:58  Drone  
  29  7:02  Baneling x2  
  29  7:03  Baneling  
  29  7:33  Lair  
  29  7:34  Drone x2  
  29  7:36  Spore Crawler  
  28  8:16  Zergling x12  
  33  8:35  Hydralisk Den  
  32  8:45  Hatchery  
  30  9:04  Queen  
  30  9:05  Hydralisk x4  
  30  9:06  Hydralisk x2  
  44  9:19  Baneling x5  
  44  9:20  Baneling x2  
  44  9:26  Drone x2  
  46  9:34  Overlord  
  40  9:57  Hydralisk  
  40  9:58  Hydralisk  
  40  9:59  Drone  
  43  10:11  Muscular Augments  
  43  10:16  Hydralisk  
  43  10:18  Drone  
  46  10:22  Drone  
  46  10:25  Zergling x2  
  48  10:29  Zergling x2  
  48  10:30  Drone  
  48  10:32  Zergling x2  
  51  11:05  Drone x2  
  51  11:06  Drone x2  
  55  11:12  Drone, Hydralisk x2  
  55  11:13  Lurker Den, Overlord  
  55  11:14  Overlord  
  55  11:15  Drone  
  60  11:21  Spore Crawler  
  60  11:22  Drone  
  60  11:34  Overlord  
  60  11:35  Overlord  
  60  11:36  Drone  
  60  11:38  Grooved Spines  
  61  11:51  Spire  
  61  11:52  Drone  
  61  11:55  Drone x2  
  61  11:56  Drone  
  61  11:57  Drone  
  61  11:59  Evolution Chamber  
  64  12:06  Drone  
  65  12:15  Lurker  
  66  12:20  Hatchery  
  65  12:26  Lurker  
  66  12:36  Extractor  
  66  12:37  Drone  
  66  12:38  Extractor  
  66  12:39  Hydralisk  
  67  12:45  Hydralisk  
  67  12:47  Overlord x2  
  67  12:48  Zergling x6  
  72  13:05  Hydralisk x2  
  72  13:07  Hydralisk  
  78  13:19  Hatchery  
  77  13:28  Hydralisk x2  
  80  13:36  Drone  
  80  13:39  Lurker x2  
  83  13:45  Hydralisk x2  
  83  13:48  Hydralisk  
  87  13:52  Drone  
  87  13:53  Drone  
  87  13:54  Drone x3  
  94  14:01  Corruptor  
  96  14:12  Hydralisk x2  
  96  14:13  Hydralisk  
  96  14:15  Drone x3  
  105  14:21  Hydralisk  
  105  14:22  Hydralisk  
  109  14:43  Hydralisk x2  
  113  14:45  Overlord x2  
  113  14:46  Overlord x3  
  113  15:02  Zerg Missile Weapons Level 1  
  113  15:03  Infestation Pit  
  92  15:38  Lurker x3  
  92  15:39  Lurker  
  94  16:01  Corruptor x3  
  94  16:02  Corruptor  
  81  16:16  Corruptor  
  78  16:18  Drone  
  78  16:19  Drone x2  
  81  16:28  Extractor, Queen  
  81  16:29  Extractor  
  81  16:32  Hatchery  
  71  16:44  Hatchery  
  64  16:52  Corruptor x4  
  72  16:54  Drone x3  
  72  16:55  Zergling x4  
  72  16:57  Queen  
  79  17:05  Zerg Flyer Weapons Level 1  
  79  17:13  Hive  
  79  17:25  Drone  
  79  17:26  Drone x3  
  83  17:37  Drone  
  83  17:38  Corruptor x3  
  83  17:41  Zergling x6  
  93  17:48  Drone x4  
  93  17:49  Corruptor  
  93  17:50  Corruptor  
  101  17:58  Zerg Ground Armor Level 1  
  101  18:13  Corruptor  
  101  18:16  Drone x4  
  107  18:22  Hatchery  
  107  18:25  Drone  
  107  18:26  Drone x5  
  112  18:30  Extractor  
  112  18:32  Extractor  
  110  18:35  Drone  
  110  18:36  Drone x2  
  110  18:38  Corruptor  
  115  18:43  Corruptor  
  117  18:59  Zerg Flyer Armor Level 1  
  117  19:01  Drone x3  
  120  19:03  Drone x3  
  120  19:07  Corruptor x3  
  129  19:10  Viper  
  132  19:19  Mutalisk x2  
  132  19:20  Mutalisk  
  108  19:43  Corruptor  
  108  19:44  Corruptor x4  
  110  19:57  Corruptor x2  
  110  19:58  Corruptor  
  116  20:16  Overseer  
  116  20:17  Pneumatized Carapace  
  116  20:18  Corruptor x2  
  116  20:20  Zergling x4  
  116  20:21  Zergling x6  
  125  20:22  Drone  
  125  20:23  Drone  
  125  20:27  Drone x2  
  129  20:37  Drone x3  
  132  21:03  Hydralisk  
  132  21:04  Hydralisk x9  
  131  21:05  Hydralisk  
  131  21:06  Hydralisk  
  131  21:07  Drone  
  156  21:15  Hydralisk x3  
  156  21:17  Drone  
  137  21:43  Lurker x6  
  137  21:45  Lurker  
Tags
 
Add a new tag
Caveats
  • Supply blocks, unpowered buildings, or Contaminate may cause inaccurate times.
  • Supply counts are checked every 10 seconds.